 Dungeon Crawl Stone Soup version 0.29.0-11-gd7f09526c8 (webtiles) character file.

Game seed: 2795135699698793088

97 pacmanke6689 the Trooper (level 4, -11/49 HPs)
             Began as an Ogre Fighter on Sept 4, 2022.
             Was a Believer of Fedhas.
             Killed by divine providence
             ... invoked by an orc priest
              (12 damage)
             ... on level 3 of the Dungeon.
             The game lasted 00:05:04 (2291 turns).

pacmanke6689 the Trooper (Ogre Fighter)             Turns: 2291, Time: 00:05:06

Health: -11/49     AC:  3    Str: 20    XL:     4   Next: 68%
Magic:  4/4        EV:  9    Int:  9    God:    Fedhas [**....]
Gold:   83         SH:  0    Dex: 10    Spells: 3/3 levels left

rFire   . . .      SeeInvis .   a - +0 war axe
rCold   . . .      Faith    .   c - +0 kite shield
rNeg    . . .      Spirit   .   b - +0 robe
rPois   .          Reflect  .   (helmet restricted)
rElec   .          Harm     .   (no cloak)
rCorr   .          Rampage  .   (gloves unavailable)
Will    .....                   (boots unavailable)
Stlth   +.........              (no amulet)
HPRegen 0.16/turn               (no ring)
MPRegen 0.09/turn               (no ring)

@: confused, ambrosia-drunk
A: large, unfitting armour, tough skin 1
a: Renounce Religion, Wall of Briars


You were on level 3 of the Dungeon.
You worshipped Fedhas.
Fedhas was pleased with you.
You visited 1 branch of the dungeon, and saw 3 of its levels.

You collected 83 gold pieces.

Inventory:

Hand Weapons
 a - a +0 war axe (weapon)
Armour
 b - a +0 robe (worn)
 c - a +0 kite shield (worn)
Jewellery
 l - a +6 ring of dexterity
Scrolls
 e - a scroll of identify
 f - a scroll of poison {unknown}
 h - a scroll of immolation {unknown}
 j - a scroll of amnesia {unknown}
 k - a scroll of blinking {unknown}
Potions
 d - 2 potions of might
 i - a potion of berserk rage
 m - a potion of attraction {unknown}


   Skills:
 + Level 4.4 Fighting
 + Level 3.5 Axes
 + Level 3.4 Dodging
 + Level 0.1 Stealth
 + Level 3.2 Shields


You had 3 spell levels left.
You didn't know any spells.
Your spell library was empty.

Dungeon Overview and Level Annotations

Branches:
Dungeon (3/15)

Altars:
Fedhas

Shops:
D:1 (


Innate Abilities, Weirdness & Mutations

You are too large for most types of armour.
You have tough skin. (AC +1)


Message History

You hit the orc.
The orc is lightly wounded.
You block the orc's attack. The orc hits you but does no damage.
You hit the orc but do no damage.
The orc is lightly wounded.
The orc hits you with a +0 short sword.
* * * LOW HITPOINT WARNING * * *
You closely miss the orc.
The orc is lightly wounded.
The orc hits you with a +0 short sword.
* * * LOW HITPOINT WARNING * * *
You block the orc's attack.
You slash the orc!
You kill the orc!
Fedhas appreciates your contribution to the ecosystem.
You closely miss the orc. You block the orc's attack.
The orc hits you with a +0 flail.
* * * LOW HITPOINT WARNING * * *
You hit the orc.
The orc is severely wounded.
You block the orc's attack.
You hit the orc.
You kill the orc!
Fedhas appreciates your contribution to the ecosystem.
The orc priest hits you but does no damage.
You barely miss the orc priest.
The orc priest calls down the wrath of Beogh upon you.
Pain shoots through your body!
* * * LOW HITPOINT WARNING * * *
You are confused.
You feel invigorated.
The orc priest miscasts a cantrip.
You closely miss the orc priest.
The orc priest invokes the aid of Beogh against you.
Beogh smites you!
* * * LOW HITPOINT WARNING * * *
The orc priest calls down the wrath of Beogh upon you.
Beogh smites you!
You die...
Fedhas appreciates your contribution to the ecosystem.

##.##..# ##o..#..# #.......#
#....#..##### #o#.##......#
#####.# .# #.#.###.###.#
....#.##.. #...# #.# #.#
##....##..########.### #.###.####
#...............@oo# #.........
...............###.# #####.####
#.....########.# #.# #.#
#.......######.###.#########.#
#....>...................†...#
........#########################
###...### #...######.........
#...###### #.......)..########
#........# #...########


You could see an orc priest and an orc.

Vanquished Creatures
  A gnoll (D:1)
  2 adders (D:2)
  2 worms
  2 dart slugs
  5 orcs (D:3)
  6 ball pythons
  2 bats (D:1)
  3 endoplasms (D:1)
  A giant cockroach (D:3)
  2 hobgoblins (D:1)
  3 jackals (D:1)
  9 kobolds
  3 quokkas
  A frilled lizard (D:1)
  3 goblins
  8 rats
53 creatures vanquished.

Vanquished Creatures (others)
  2 plants (D:1)
2 creatures vanquished.

Grand Total: 55 creatures vanquished

Notes
Turn   | Place    | Note
-------+----------+-------------------------------------------
     0 | D:1      | pacmanke6689 the Ogre Fighter began the quest for the Orb.
     0 | D:1      | Reached XP level 1. HP: 24/24 MP: 1/1
   270 | D:1      | Reached XP level 2. HP: 32/32 MP: 2/2
   299 | D:1      | Found a faded altar of an unknown god.
   313 | D:1      | Prayed at the altar of an unknown god.
   313 | D:1      | Became a worshipper of Fedhas Madash
   313 | D:1      | Reached * piety under Fedhas
   603 | D:1      | Reached XP level 3. HP: 22/39 MP: 3/3
   948 | D:1      | Reached ** piety under Fedhas
  1096 | D:1      | Found Xiuzitet's Antique Weapon Emporium.
  1326 | D:2      | Reached XP level 4. HP: 42/49 MP: 4/4
  2289 | D:3      | HP: 2/49 [orc priest/nerve-wracking pain (7)]
  2291 | D:3      | Killed from afar by an orc priest

Illustrated notes

Levels and vault maps discovered:
D:1:      tarquinn_simple_flora_water_a, layout_loops_ring,
          dilly_ecumenical_altar_fadedgnrine, serial_shops,
          nicolae_shop_statue_plus
D:2:      layout_loops_ring
D:3:      cheibrodos_pilgrimage, layout_loops_ring,
          gammafunk_temple_overflow_pools, mainiacjoe_overflow_chevrons

Skill      XL: |  1  2  3 |
---------------+----------+-----
Dodging        | 3 |  3.4
Axes           | 3 |  3.5
Fighting       | |  4.4
Stealth        | |  0.1
Shields        | |  3.2

Action                   |  1- 3 |  4- 6 || total
-------------------------+-------+-------++-------
Melee: War axe           |    88 |    59 ||   147
  Use: Scroll            |       |     2 ||     2
       Potion            |       |     1 ||     1
Armor: Robe              |    39 |     9 ||    48
Dodge: Dodged            |    31 |    13 ||    44
Block: Kite shield       |    41 |    22 ||    63
